 Dungeon Crawl Stone Soup version 0.30-a0-605-gb2882149bf (webtiles) character file.

Game seed: 12933807397783507224

63 gelatine the Firebug (level 3, -2/25 HPs)
             Began as a Demonspawn Fire Elementalist on Jan 8, 2023.
             Slain by a gnoll
             ... wielding a +0 spear
              (9 damage)
             ... on level 3 of the Dungeon.
             The game lasted 00:03:37 (2217 turns).

gelatine the Firebug (Demonspawn Fire Elementalist) Turns: 2217, Time: 00:03:38

Health: -2/25      AC:  2    Str:  8    XL:     3   Next: 87%
Magic:  1/6        EV: 12    Int: 18    God:
Gold:   52         SH:  4    Dex: 13    Spells: 3/6 levels left

rFire   . . .      SeeInvis .    d - +0 dagger
rCold   . . .      Faith    .    (no shield)
rNeg    . . .      Spirit   .    a - +0 robe
rPois   .          Reflect  .    k - +0 hat
rElec   .          Harm     .    (no cloak)
rCorr   .          Rampage  .    (no gloves)
Will    .....                    (no boots)
Stlth   ++                       (no amulet)
HPRegen 0.24/turn                (no ring)
MPRegen 0.10/turn                (no ring)

@: very slightly contaminated
A: powered by death 1, condensation shield
a: no special abilities


You were on level 3 of the Dungeon.
You visited 1 branch of the dungeon, and saw 3 of its levels.

You collected 52 gold pieces.

Inventory:

Hand Weapons
 d - a +0 dagger (weapon)
 l - a +0 rapier
 n - a +0 short sword of freezing
Armour
 a - a +0 robe (worn)
 k - a +0 hat (worn)
Scrolls
 g - a scroll of poison {unknown}
 h - a scroll of silence {unknown}
 i - 2 scrolls of fog {unknown}
 j - a scroll of enchant weapon {unknown}
 m - a scroll of teleportation {unknown}
 o - a scroll of blinking {unknown}
Potions
 b - a potion of magic
 c - a potion of heal wounds {unknown}
 e - 2 potions of attraction {unknown}
 f - 2 potions of might {unknown}
 p - a potion of curing {unknown}


   Skills:
 + Level 0.6 Fighting
 + Level 0.4 Short Blades
 + Level 2.1 Dodging
 + Level 2.2 Stealth
 + Level 0.1 Shields
 + Level 2.4 Spellcasting
 + Level 1.5 Conjurations
 + Level 3.1 Fire Magic


You had 3 spell levels left.
You knew the following spells:

 Your Spells              Type           Power      Damage    Failure   Level
a - Foxfire               Conj/Fire      40%        2x1d6     6%          1
b - Scorch                Fire           26%        2d6       7%          2

Your spell library contained the following spells:

 Spells                   Type           Power      Damage    Failure   Level
 Inner Flame              Hex/Fire       7%         N/A       26%         3
 Kindle Blastsparks       Fire/Tloc/Air  12%        2d11      32%         3
 Flame Wave               Conj/Fire      10%        2d6       54%         4


Dungeon Overview and Level Annotations

Branches:
Dungeon (3/15)

Altars:

Annotations:
D:3 Ijyb


Innate Abilities, Weirdness & Mutations

You regenerate a little health from kills.
A meltable shield of frost defends you. (SH +4)


Message History

The gnoll is almost dead.
The gnoll's fire resistance burns away.
The frilled lizard hisses angrily.
The gnoll shouts! x2; You hear a shout!
Casting: Scorch (safe; 7% risk of failure)
Confirm with . or Enter, or press ? or * to list all spells.
Flames lash the gnoll.
The gnoll is burned terribly!
You kill the gnoll!
Casting: Scorch (safe; 7% risk of failure)
Confirm with . or Enter, or press ? or * to list all spells.
You miscast Scorch.
You are very lightly contaminated with residual magic.
Nothing appears to happen.
The gnoll hits you from afar with a +0 spear!
Casting: Scorch (safe; 7% risk of failure)
Confirm with . or Enter, or press ? or * to list all spells.
You don't have enough magic to cast this spell.
You barely miss the gnoll.
An adder comes into view.
You hit the gnoll.
The gnoll is lightly wounded.
The gnoll hits you with a +0 flail. The gnoll barely misses you.
You hit the gnoll.
The gnoll is moderately wounded.
The gnoll misses you. The gnoll closely misses you.
You barely miss the gnoll.
The gnoll is moderately wounded.
You block the gnoll's attack.
The gnoll hits you from afar with a +0 spear.
* * * LOW HITPOINT WARNING * * *
You hit the gnoll but do no damage.
The gnoll is moderately wounded.
A bat comes into view.
The gnoll closely misses you. x2; The bat moves out of view.
You hit the gnoll but do no damage.
The gnoll is moderately wounded.
The gnoll closely misses you. The gnoll barely misses you.
You hit the gnoll.
The gnoll is moderately wounded.
The gnoll hits you from afar with a +0 spear!
You die...

#.# #.#
#.# #.#
###.##
#...<#
#.##.#
#(##..+
#@#####
#g#


blg ###S. ... .... ..... ##.... You could see 2 gnolls, an adder, a bat and a
frilled lizard.

Vanquished Creatures
  A gnoll (D:3)
  2 adders (D:2)
  A worm (D:2)
  A bat (D:2)
  6 endoplasms
  2 giant cockroaches (D:2)
  2 goblins
  3 hobgoblins (D:1)
  4 kobolds
  2 quokkas
  2 frilled lizards (D:2)
  5 rats
31 creatures vanquished.

Vanquished Creatures (others)
  104 foxfires
104 creatures vanquished.

Grand Total: 135 creatures vanquished

Notes
Turn   | Place    | Note
-------+----------+-------------------------------------------
     0 | D:1      | gelatine the Demonspawn Fire Elementalist began the quest
                  | for the Orb.
     0 | D:1      | Reached XP level 1. HP: 13/13 MP: 3/3
   325 | D:1      | Gained mutation: A meltable shield of frost defends you.
                  | (SH +4) [demonic ancestry]
   325 | D:1      | Reached XP level 2. HP: 19/19 MP: 0/5
   440 | D:1      | Learned a level 2 spell: Scorch
   643 | D:1      | Reached skill level 3 in Fire Magic
  1336 | D:2      | Gained mutation: You regenerate a little health from kills.
                  | [demonic ancestry]
  1336 | D:2      | Reached XP level 3. HP: 24/24 MP: 0/6
  2206 | D:3      | Noticed Ijyb
  2217 | D:3      | Slain by a gnoll

Illustrated notes

Levels and vault maps discovered:
D:1:      dpeg_arrival_three_bigger_balls, layout_loops_ring
D:2:      layout_loops_ring, basic_altar
D:3:      layout_basic, gammafunk_temple_overflow_claw, grunt_decor_clamped,
          uniq_ijyb, uniq_robin, uniq_crazy_yiuf_cottage

Skill      XL: |  1  2 |
---------------+-------+-----
Stealth        | 2 |  2.2
Fire Magic     | 3 |  3.1
Dodging        | 2 |  2.1
Fighting       | |  0.6
Short Blades   | |  0.4
Shields        | |  0.1
Spellcasting   | |  2.4
Conjurations   | |  1.5

Action                   || total
-------------------------++-------
Melee: Dagger            ||    59
       Punch             ||     1
 Cast: Foxfire           ||    67
       Scorch            ||     2
Armor: Robe              ||     7
Dodge: Dodged            ||    42
Block: Other             ||    11

Table legend: (Time is in decaauts)
 A = Elapsed time spent in this place.
 B = Non-inter-level travel time spent in this place.
 C = Inter-level travel time spent in this place.
 D = Time resting spent in this place.
 E = Time spent auto-exploring this place.
 F = Levels seen in this place.
 G = Mean time per level.
                   A        B        C        D        E       F      G
               +--------+--------+--------+--------+--------+-----+--------+
         Total |   2215 |   2160 |     55 |    100 |   1779 |   3 |  738.3 |
       Dungeon |   2215 |   2160 |     55 |    100 |   1779 |   3 |  738.3 |
               +--------+--------+--------+--------+--------+-----+--------+

Top non-repeatable levels by time:
     D:2: 1183 daAuts
     D:1: 1015 daAuts
     D:3: 16 daAuts
